Map: Pillars of Gold LE

Players

A.I. 1 (Harder) - Winner!

  • Race: Zerg Zerg
  • Spawn Location: 7:00

III

  • Race: Zerg Zerg
  • League: Master
  • Spawn Location: 1:00

VOD

Have the link to the VOD?

Description

Time

  • Played on: Dec. 10, 2020, 3:35 p.m.
  • Length: 7:10
Show
View Real Time Build Order
Export as new Build Order

A.I. 1 (Harder) Zerg - Winner!

Build Orders: 1 Base Baneling Bust, Pool First 

Get SALT Encoding   

  12  0:01  Drone  
  13  0:12  Overlord  
  13  0:17  Drone  
  14  0:30  Drone x2  
  16  0:44  Spawning Pool  
  16  0:46  Drone  
  16  0:50  Drone  
  16  0:53  Extractor  
  16  0:55  Drone  
  17  1:06  Overlord  
  17  1:31  Zergling x2  
  17  1:32  Queen  
  18  1:37  Zergling x2  
  18  1:38  Drone  
  18  1:39  Roach Warren  
  21  1:45  Extractor  
  20  1:49  Drone  
  21  2:00  Drone  
  22  2:10  Zergling x2  
  23  2:21  Drone  
  24  2:31  Overlord  
  24  2:37  Lair  
  24  2:39  Zergling x2, Drone  
  26  3:14  Zergling x2  
  26  3:18  Overlord  
  27  3:21  Zergling x2  
  28  3:36  Drone, Hydralisk Den  
  28  3:38  Infestation Pit  
  27  3:42  Zergling x2  
  28  3:49  Drone  
  29  4:03  Metabolic Boost  
  29  4:06  Hydralisk  
  31  4:16  Infestor, Drone  
  34  4:19  Drone  
  34  4:22  Infestor  
  34  4:24  Drone  
  38  4:27  Drone  
  39  4:33  Infestor  
  41  4:44  Overlord  
  41  4:46  Drone  
  42  4:55  Evolution Chamber, Drone  
  42  4:59  Infestor  
  44  5:07  Hydralisk  
  46  5:19  Baneling Nest  
  46  5:20  Drone  
  46  5:56  Overlord  
  46  5:58  Spire, Drone  
  46  6:04  Baneling  
  46  6:05  Hatchery  
  46  6:06  Drone  
  39  6:40  Zergling x2  
  39  6:46  Zergling x2  
Show
View Real Time Build Order
Export as new Build Order

III Zerg 

Build Orders: Pool First 

Get SALT Encoding   

  12  0:01  Drone  
  13  0:12  Overlord  
  13  0:17  Drone  
  14  0:30  Drone  
  14  0:31  Drone  
  14  0:34  Drone  
  17  0:48  Spawning Pool  
  17  0:49  Drone  
  17  0:57  Drone  
  18  1:15  Hatchery  
  18  1:16  Extractor  
  16  1:19  Drone  
  16  1:22  Drone  
  18  1:28  Drone  
  19  1:36  Queen  
  21  1:42  Drone  
  22  1:51  Overlord  
  22  1:58  Roach Warren  
  21  2:03  Drone  
  22  2:11  Queen  
  22  2:13  Drone  
  25  2:22  Drone  
  26  2:27  Drone  
  26  2:28  Queen  
  29  2:36  Overlord  
  29  2:39  Drone  
  30  2:46  Drone x2  
  30  2:47  Drone  
  33  2:54  Overlord  
  34  2:58  Drone  
  34  3:01  Drone  
  35  3:07  Lair  
  35  3:09  Drone  
  36  3:13  Drone  
  36  3:17  Drone x2  
  36  3:19  Drone  
  40  3:20  Drone  
  40  3:23  Drone  
  40  3:25  Drone  
  40  3:26  Drone  
  44  3:28  Drone  
  45  3:36  Overlord  
  45  3:42  Extractor  
  45  3:43  Extractor x2  
  45  3:45  Roach x2  
  46  3:49  Overlord  
  46  3:51  Drone x2  
  46  3:52  Drone  
  46  3:54  Drone x2  
  51  3:56  Drone  
  51  3:58  Drone  
  51  4:01  Drone  
  54  4:07  Spire  
  53  4:15  Glial Reconstitution  
  53  4:18  Drone  
  53  4:23  Drone x2  
  56  4:26  Spore Crawler, Evolution Chamber x2  
  56  4:28  Spore Crawler  
  56  4:29  Drone  
  53  4:32  Drone  
  53  4:34  Drone  
  53  4:35  Drone  
  56  4:39  Overlord  
  56  4:41  Roach  
  58  4:45  Overlord  
  58  4:51  Overlord  
  58  4:56  Zerg Missile Weapons Level 1  
  58  4:57  Zerg Ground Armor Level 1  
  58  5:03  Roach x2  
  62  5:09  Roach x3  
  68  5:19  Corruptor  
  68  5:20  Corruptor  
  72  5:33  Roach x2  
  72  5:34  Hatchery  
  75  5:36  Roach  
  75  5:40  Overlord  
  75  5:42  Roach  
  79  5:48  Roach x2  
  83  5:52  Overlord  
  83  5:59  Overlord  
  83  6:01  Roach x3  
  89  6:04  Ravager x3  
  89  6:05  Ravager x2  
  94  6:14  Roach  
  94  6:15  Roach x3  
  102  6:29  Roach x5  
  102  6:32  Roach  
  114  6:38  Roach x2  
  116  6:41  Roach  
  116  6:52  Drone  
  116  6:53  Drone x5  
Tags
 
Add a new tag
Caveats
  • Supply blocks, unpowered buildings, or Contaminate may cause inaccurate times.
  • Supply counts are checked every 10 seconds.